 Dungeon Crawl Stone Soup version 0.27-a0-1312-g5cdb2b3542 (webtiles) character file.

Game seed: 4764594340507613393

72 barkas the Insei (level 4, -4/38 HPs)
             Began as a Naga Transmuter on June 19, 2021.
             Slain by a gnoll (16 damage)
             ... on level 3 of the Dungeon.
             The game lasted 00:04:07 (2557 turns).

barkas the Insei (Naga Transmuter)                  Turns: 2557, Time: 00:04:08

Health: -4/38      AC:  3    Str: 12    XL:     4   Next: 26%
Magic:  6/7        EV:  9    Int: 13    God:
Gold:   117        SH:  3    Dex: 13    Spells: 7/8 levels left

rFire    . . .     SeeInvis +     - Unarmed
rCold    . . .     Faith    .   k - +0 buckler
rNeg     . . .     Spirit   .   a - +0 robe
rPois    +         Reflect  .   (helmet currently unavailable)
rElec    .         Harm     .   (no cloak)
rCorr    .         Rampage  .   b - +0 pair of gloves
Will     .....                  (no barding)
Stlth    ++........             (no amulet)
HPRegen  0.12/turn              j - ring of wizardry
MPRegen  0.10/turn              (no ring)

@: appendages, very slow
A: horns 2, AC +1, large, see invisible, deformed body, poison resistance,
slowness 2, spit poison 1, naga tail 1
a: Spit Poison, End Transformation


You were on level 3 of the Dungeon.
You had temporarily grown beastly horns.
You visited 1 branch of the dungeon, and saw 3 of its levels.

You collected 117 gold pieces.

Inventory:

Hand Weapons
 d - a +0 dagger of venom
Armour
 a - a +0 robe (worn)
 b - a +0 pair of gloves (worn)
 k - a +0 buckler (worn)
Jewellery
 j - a ring of wizardry (left hand)
Scrolls
 c - 2 scrolls of identify {unknown}
 f - 2 scrolls of teleportation {unknown}
 i - a scroll of noise {unknown}
Potions
 e - a potion of haste {unknown}
 g - a potion of flight {unknown}
 h - a potion of heal wounds {unknown}
 l - a potion of curing {unknown}


   Skills:
 + Level 1.3 Fighting
 + Level 2.0 Dodging
 + Level 1.6 Stealth
 * Level 0.1 Shields
 * Level 3.7 Unarmed Combat
 + Level 2.5 Spellcasting
 + Level 2.3 Transmutations


You had 7 spell levels left.
You knew the following spells:

 Your Spells              Type           Power      Damage    Failure   Level
a - Beastly Appendage     Tmut           14%        N/A       6%          1

Your spell library contained the following spells:

 Spells                   Type           Power      Damage    Failure   Level
 Wereblood                Tmut           7%         N/A       9%          2
 Corona                   Hex            1%         N/A       16%         1
 Ensorcelled Hibernation  Hex/Ice        2%         N/A       24%         2
 Spider Form              Tmut/Pois      2%         N/A       28%         3
 Confusing Touch          Hex            1%         N/A       41%         3
 Dazzling Flash           Conj/Hex       2%         N/A       41%         3
 Tukima's Dance           Hex            1%         N/A       41%         3
 Ice Form                 Ice/Tmut       4%         N/A       65%         4


Dungeon Overview and Level Annotations

Branches:
Dungeon (3/15)

Altars:

Shops:
D:2 (   D:3 [[


Innate Abilities, Weirdness & Mutations

You have temporarily grown beastly horns.
Your serpentine skin is tough. (AC +1)
You have supernaturally acute eyesight. (SInv)
Armour fits poorly on your strangely shaped body.
Your system is resistant to poisons. (rPois)
You cover ground very slowly.
You can spit poison.
You have a snake-like lower body.


Message History

Casting: Beastly Appendage (safe; 6% risk of failure)
Confirm with . or Enter, or press ? or * to list all spells.
You grow a pair of large bovine horns.
You have got your breath back.
Your transformation is almost over.
Your horns disappear.
Found a stone staircase leading down.
You now have enough gold to buy a helmet on this level.
You can access your shopping list by pressing '$'.
You now have 117 gold pieces (gained 15).
There is a stone staircase leading down here.
A gnoll comes into view. It is wielding a +0 halberd.
A gnoll is nearby!
A gnoll comes into view. It is wielding a +0 spear.
Found a diamond ring.
Press: ? - help, Shift-Dir - straight line, f - gnoll
Aim: a gnoll, wielding a +0 halberd (asleep)
The splash of poison hits the gnoll.
The gnoll is poisoned.
The gnoll is lightly wounded.
The gnoll shouts!
A gnoll comes into view. It is wielding a +0 flail.
Casting: Beastly Appendage (safe; 6% risk of failure)
Confirm with . or Enter, or press ? or * to list all spells.
You grow a pair of large bovine horns.
You have got your breath back.
The gnoll hits you with a +0 halberd!
You closely miss the gnoll. You headbutt the gnoll.
The gnoll is almost dead.
The gnoll hits you from afar with a +0 spear.
The gnoll hits you with a +0 halberd.
You closely miss the gnoll.
You headbutt the gnoll, but do no damage.
The gnoll is almost dead.
The gnoll looks more healthy.
You block the gnoll's attack. The gnoll hits you with a +0 halberd.
You hit the gnoll but do no damage. Your headbutt misses the gnoll.
The gnoll is almost dead.
The gnoll hits you from afar with a +0 spear.
The gnoll hits you with a +0 halberd!
You die...

########. #.......
############ #.....#
#..........#####.....#
..............>......#
.......##............##..
....................?....
.......##.......@g...###
.......#######.###g###
.......# #.# .#
.......#######.. ..
.........†..##... =.g
............... ....
####.#.####.##. .....
#............. g...##
#.#...####.##


You could see 2 gnolls.

Vanquished Creatures
  2 adders
  A dart slug (D:3)
  2 orcs (D:3)
  3 bats (D:2)
  6 endoplasms
  4 giant cockroaches
  3 goblins
  5 hobgoblins
  5 kobolds
  A quokka (D:1)
  4 ball pythons
  2 frilled lizards (D:1)
  8 rats
46 creatures vanquished.

Notes
Turn   | Place    | Note
-------+----------+-------------------------------------------
     0 | D:1      | barkas the Naga Transmuter began the quest for the Orb.
     0 | D:1      | Reached XP level 1. HP: 18/18 MP: 3/3
   631 | D:1      | Reached XP level 2. HP: 25/25 MP: 3/5
  1255 | D:2      | Reached XP level 3. HP: 29/31 MP: 4/6
  1340 | D:2      | Reached skill level 1 in Stealth
  1431 | D:2      | Found Baisyth's Weapon Shoppe.
  2304 | D:3      | Found Edihan's Antique Armour Boutique.
  2349 | D:3      | Reached XP level 4. HP: 29/38 MP: 5/7
  2471 | D:3      | Found Kynithri's Antique Armour Shoppe.
  2557 | D:3      | Slain by a gnoll

Illustrated notes

Levels and vault maps discovered:
D:1:      erik_arrival_orb_chamber, layout_rooms, minmay_tree_intersection
D:2:      layout_basic, serial_shops, shop, kennysheep_big_empty_room
D:3:      layout_basic, general_overflow_altar, serial_shops, shop, shop,
          nicolae_shop_statue_plus, shop

Skill      XL: |  1  2  3 |
---------------+----------+-----
Stealth        | 1 |  1.6
Dodging        | 2 |  2.0
Fighting       | |  1.3
Shields        | |  0.1
Unarmed Combat | |  3.7
Spellcasting   | |  2.5
Transmutations | |  2.3

Action                   |  1- 3 |  4- 6 || total
-------------------------+-------+-------++-------
Melee: Unarmed           |    59 |     6 ||    65
       Headbutt          |     5 |     2 ||     7
       Punch             |     1 |       ||     1
 Cast: Beastly Appendage |    30 |     3 ||    33
 Abil: Spit Poison       |    34 |     5 ||    39
Armor: Robe              |    13 |     1 ||    14
Dodge: Dodged            |    33 |       ||    33
Block: Buckler           |       |     1 ||     1

Table legend: (Time is in decaauts)
 A = Elapsed time spent in this place.
 B = Non-inter-level travel time spent in this place.
 C = Inter-level travel time spent in this place.
 D = Time resting spent in this place.
 E = Time spent auto-exploring this place.
 F = Levels seen in this place.
 G = Mean time per level.
                   A        B        C        D        E       F      G
               +--------+--------+--------+--------+--------+-----+--------+
         Total |   3129 |   2939 |    190 |    510 |   2018 |   3 | 1043.0 |
       Dungeon |   3129 |   2939 |    190 |    510 |   2018 |   3 | 1043.0 |
               +--------+--------+--------+--------+--------+-----+--------+

Top non-repeatable levels by time:
     D:2: 1436 daAuts
     D:1: 1273 daAuts
     D:3: 419 daAuts
